 Dungeon Crawl Stone Soup version 0.25-a0-796-gd415a3ffb0 (webtiles) character file.

Game seed: 1364972119011754151, levelgen mode: deterministic

8796 Milacek the Geomancer (level 11, -9/68 HPs)
             Began as a Gargoyle Earth Elementalist on Apr 18, 2020.
             Was a Believer of Vehumet.
             Mangled by a seven-headed hydra (13 damage)
             ... on level 10 of the Dungeon on Apr 19, 2020.
             The game lasted 02:08:31 (10602 turns).

Milacek the Geomancer (GrEE)                       Turns: 10602, Time: 02:08:33

Health: -9/68      AC: 15    Str: 17    XL:     11   Next: 36%
Magic:  22/23      EV: 14    Int: 18    God:    Vehumet [**....]
Gold:   398        SH:  0    Dex: 10    Spells: 17/27 levels left

rFire    . . .     SeeInvis .   L - +1 morningstar
rCold    . . .     Gourm    .   (no shield)
rNeg     + . .     Faith    .   c - +1 robe
rPois    ∞         Spirit   .   (no helmet)
rElec    +         Reflect  .   (no cloak)
rCorr    .         Harm     .   (no gloves)
MR       .....     Clarity  +   (no boots)
Stlth    ++........             g - amulet of regeneration
HPRegen  0.61/turn              h - +4 ring of strength
MPRegen  0.18/turn              i - +4 ring of protection

@: about to teleport
A: fangs 1, clarity, negative energy resistance 1, electricity resistance,
unbreathing, petrification resistance, rot immunity, AC +8
a: Renounce Religion


You were on level 10 of the Dungeon.
You worshipped Vehumet.
Vehumet was pleased with you.
You were not hungry.

You visited 3 branches of the dungeon, and saw 13 of its levels.
You also visited: Sewer.

You collected 535 gold pieces.
You spent 137 gold pieces at shops.

Inventory:

Hand Weapons
 v - a +2 short sword of draining
 L - a +1 morningstar (weapon)
Missiles
 a - 80 stones (quivered)
 E - 10 boomerangs of dispersal
Armour
 c - a +1 robe (worn)
Jewellery
 g - an amulet of regeneration (around neck)
 h - a +4 ring of strength (left hand)
 i - a +4 ring of protection (right hand)
Wands
 b - a wand of flame (12)
 u - a wand of random effects (24)
 z - a wand of acid (12)
 K - a wand of polymorph (19)
Scrolls
 j - 3 scrolls of blinking
 l - 2 scrolls of magic mapping
 o - 6 scrolls of identify
 p - a scroll of summoning {unknown}
 r - 2 scrolls of fear
 x - a scroll of teleportation
 y - 4 scrolls of enchant armour
 H - a scroll of silence {unknown}
 I - a scroll of holy word {unknown}
 J - 9 scrolls of remove curse
 U - a scroll of torment {unknown}
Potions
 k - a potion of flight
 m - a potion of heal wounds
 s - a potion of stabbing
 A - a potion of berserk rage
 C - a potion of resistance
 F - 4 potions of might
 M - a potion of invisibility
 O - a potion of brilliance
 R - 2 potions of magic
Comestibles
 d - 11 rations
 f - 2 chunks of flesh


   Skills:
 - Level 8.1 Fighting
 + Level 5.1 Maces & Flails
 - Level 3.1 Armour
 - Level 6.0 Dodging
 - Level 2.1 Stealth
 + Level 8.5 Spellcasting
   Level 0.7 Transmutations
 + Level 11.2 Earth Magic


You had 17 spell levels left.
You knew the following spells:

 Your Spells              Type           Power        Failure   Level  Hunger
a - Sandblast             Erth           #####.       1%          1    None
b - Stone Arrow           Conj/Erth      ####..       2%          3    None
c - Lee's Rapid Deconstr  Erth           #####.....   2%          5    #####..
d - Shock                 Conj/Air       #...         10%         1    None

Your spell library contained the following spells:

 Spells                   Type           Power        Failure   Level  Hunger
 Static Discharge         Conj/Air       #.......     28%         3    None
 Passwall                 Tmut/Erth      ####....     1%          2    None
 Petrify                  Tmut/Erth      ####....     8%          4    ###....
 Freeze                   Ice            #...         10%         1    None
 Magic Dart               Conj           #...         10%         1    None
 Searing Ray              Conj           #.....       14%         2    None
 Confusing Touch          Hex            #.......     28%         3    None
 Dazzling Flash           Conj/Hex       #.....       28%         3    None
 Frozen Ramparts          Ice            #.....       28%         3    None
 Gell's Gravitas          Tloc           #.........   28%         3    None
 Ozocubu's Armour         Chrm/Ice       #.......     28%         3    None
 Fulminant Prism          Conj/Hex       #.........   67%         4    ###....
 Hailstorm                Conj/Ice       #.......     67%         4    ###....
 Iskenderun's Mystic Bla  Conj/Tloc      #.......     67%         4    ###....
 Summon Ice Beast         Ice/Summ       #.......     67%         4    ###....
 Yara's Violent Unravell  Hex/Tmut       #.........   91%         5    #####..
 Metabolic Englaciation   Hex/Ice        #.........   95%         5    #####..


Dungeon Overview and Level Annotations

Branches:
Dungeon (11/15)            Temple (1/1) D:7            Lair (1/6) D:10
    Orc (0/2) D:9           Sewer (visited)

Altars:
Ashenzari
Cheibriados
Dithmenos
Elyvilon
Fedhas
Gozag
Hepliaklqana
Kikubaaqudgha
Makhleb
Nemelex Xobeh
Okawaru
Qazlal
Ru
Sif Muna
Trog
Uskayaw
Vehumet
Wu Jian
Xom
Yredelemnul
Zin
The Shining One

Shops:
D:5 :   D:6 ((?   D:10 [

Annotations:
D:3 1 runed translucent door, Crazy Yiuf
D:5 DOPEyDwarf's ghost, novice DrIE


Innate Abilities, Weirdness & Mutations

You are resistant to torment.
Your stone body is resilient. (AC +8)
You are immune to poison.
You resist negative energy. (rN+)
You are resistant to electric shocks. (rElec)
You can survive without breathing.
You are immune to petrification.
You are immune to rotting.
You have very sharp teeth.
You possess an exceptional clarity of mind.


Message History

The seven-headed hydra barely misses you.
The seven-headed hydra closely misses you.
The seven-headed hydra bites you but does no damage.
The two-headed ogre hits you with a +0 giant spiked club!
* * * LOW HITPOINT WARNING * * *
The two-headed ogre hits you with a +0 giant club.
* * * LOW HITPOINT WARNING * * *
You climb upwards.
There is a stone staircase leading down here.
Evoke which item? (* to show all) (? for menu, Esc to quit)
Okay, then.
Unknown command.
As you read the scroll of teleportation, it crumbles to dust.
You feel strangely unstable.
The seven-headed hydra closely misses you.
The seven-headed hydra bites you.
* * * LOW HITPOINT WARNING * * *
The seven-headed hydra bites you but does no damage.
The seven-headed hydra bites you!
You die...

########.#...#.#
#.#.#.#<#
#.#.#.#.#
#.#.#.#.#
#.#.#...#
#.#.#...#
#.#.#...#
##.#.#.OD#
#.).....@#
#...##.#[#
#...##.#.######
#......#......#
#......#......#
#......#......####
#......#.........#
#......##.....##.#
#......##.....##.#


You could see a seven-headed hydra and a two-headed ogre.

Vanquished Creatures
  A two-headed ogre (D:10)
  The ghost of bmj180 the Conjurer, a novice DrCj (D:6)
  An ugly thing (D:10)
  A rime drake (D:10)
  A hornet (D:10)
  Grinder (D:4)
  A slime creature (D:10)
  3 wargs (D:10)
  Duvessa (D:5)
  4 sky beasts
  3 ice beasts
  An orc warrior (D:9)
  4 phantoms
  5 wolves
  5 ogres
  2 necrophages
  8 centaurs
  A big kobold (Sewer)
  8 bullfrogs
  Dowan (D:5)
  10 killer bees
  14 wights
  4 crimson imps
  A bullfrog zombie (D:8)
  12 orc priests
  13 orc wizards
  3 hounds
  3 jellies
  A centaur skeleton (D:5)
  8 worker ants
  8 gnolls
  16 adders
  2 shadow imps
  4 oozes
  An adder zombie (D:6)
  An adder skeleton (D:7)
  A worm (D:2)
  3 dart slugs (D:1)
  9 leopard geckos
  49 orcs
  3 bats
  8 giant cockroaches
  5 goblins
  7 hobgoblins
  2 jackals (D:4)
  4 quokkas
  7 frilled lizards
  16 kobolds
  A quokka skeleton (D:5)
  17 rats
286 creatures vanquished.

Vanquished Creatures (others)
  A worker ant (D:6)
1 creature vanquished.

Grand Total: 287 creatures vanquished

Notes
Turn   | Place    | Note
-------+----------+-------------------------------------------
     0 | D:1      | Milacek the Gargoyle Earth Elementalist began the quest for
                  | the Orb.
     0 | D:1      | Reached XP level 1. HP: 10/10 MP: 3/3
   120 | D:1      | Reached XP level 2. HP: 12/16 MP: 1/5
   176 | D:1      | Reached skill level 1 in Fighting
   263 | D:1      | Reached skill level 4 in Earth Magic
   269 | D:1      | Reached XP level 3. HP: 12/20 MP: 2/6
   913 | D:2      | Found a shadowy altar of Dithmenos.
   935 | D:2      | Reached XP level 4. HP: 15/26 MP: 2/7
  1235 | D:2      | Found a stormy altar of Qazlal.
  1678 | D:3      | Reached XP level 5. HP: 27/30 MP: 5/9
  1981 | D:3      | Found a runed translucent door.
  1982 | D:3      | Noticed Crazy Yiuf
  2183 | D:3      | Found a faded altar of an unknown god.
  2264 | D:4      | Got a brightly glowing war axe
  2337 | D:4      | Found a glowing drain.
  2361 | Sewer    | Entered a sewer
  2561 | Sewer    | Noticed a big kobold
  2565 | Sewer    | Killed a big kobold
  2565 | Sewer    | Reached skill level 5 in Earth Magic
  2565 | Sewer    | Reached XP level 6. HP: 36/36 MP: 5/10
  2746 | D:4      | Noticed Grinder
  2756 | D:4      | Paralysed by Grinder for 5 turns
  2767 | D:4      | Killed Grinder
  2767 | D:4      | Reached XP level 7. HP: 22/41 MP: 5/12
  3272 | D:4      | Reached skill level 6 in Earth Magic
  3545 | D:5      | Entered Level 5 of the Dungeon
  3750 | D:5      | Reached XP level 8. HP: 28/48 MP: 8/14
  3826 | D:5      | Found Hiukaell's Book Shop.
  3970 | D:5      | Noticed Dowan
  3975 | D:5      | Killed Dowan
  3975 | D:5      | Reached skill level 5 in Fighting
  4206 | D:5      | Noticed Duvessa
  4216 | D:5      | Killed Duvessa
  4216 | D:5      | Reached skill level 7 in Earth Magic
  4338 | D:5      | Reached skill level 5 in Spellcasting
  4726 | D:6      | Reached XP level 9. HP: 55/55 MP: 11/17
  4740 | D:6      | Upgraded the game from 0.25-a0-785-gb22c70e859 to
                  | 0.25-a0-796-gd415a3ffb0
  4821 | D:6      | Reached skill level 5 in Dodging
  4951 | D:6      | Reached skill level 8 in Earth Magic
  5060 | D:6      | Found Uggitiaj's Antique Weapon Shoppe.
  5141 | D:6      | Found a runed translucent gate.
  5141 | D:6      | Found a runed translucent gate.
  5143 | D:6      | Found a runed translucent gate.
  5144 | D:6      | Noticed DOPEyDwarf's ghost (novice DrIE)
  5144 | D:6      | Noticed bmj180's ghost (novice DrCj)
  5303 | D:6      | Learned a level 3 spell: Stone Arrow
  5309 | D:6      | Learned a level 5 spell: Lee's Rapid Deconstruction
  5428 | D:6      | Killed bmj180's ghost
  5721 | D:5      | HP: 1/57 [orc wizard/puff of frost (8)]
  5844 | D:6      | Found Ximoemm's Magic Scroll Shop.
  5853 | D:6      | Bought a scroll of identify for 26 gold pieces
  5853 | D:6      | Bought a scroll of identify for 26 gold pieces
  5853 | D:6      | Bought a scroll of identify for 26 gold pieces
  5853 | D:6      | Bought a scroll of identify for 26 gold pieces
  5879 | D:6      | Gained mutation: Your muscles are strong. (Str +2) [potion
                  | of mutation]
  5879 | D:6      | Gained mutation: You are robust. (+10% HP) [potion of
                  | mutation]
  5880 | D:6      | Lost mutation: You are robust. (+10% HP) [potion of
                  | mutation]
  5880 | D:6      | Lost mutation: Your muscles are strong. (Str +2) [potion of
                  | mutation]
  5880 | D:6      | Gained mutation: You have very sharp teeth. [potion of
                  | mutation]
  5880 | D:6      | Gained mutation: You possess an exceptional clarity of
                  | mind. [potion of mutation]
  6094 | D:6      | Found Westren's Weapon Boutique.
  6123 | D:6      | Bought 22 stones for 33 gold pieces
  6469 | D:7      | Reached skill level 9 in Earth Magic
  6533 | D:7      | Found a staircase to the Ecumenical Temple.
  6566 | Temple   | Entered the Ecumenical Temple
  6661 | Temple   | Became a worshipper of Vehumet
  6748 | D:7      | Reached XP level 10. HP: 63/63 MP: 15/19
  7337 | D:8      | Reached skill level 1 in Armour
  7365 | D:8      | Found a blossoming altar of Fedhas.
  7721 | D:8      | Found a bloodstained altar of Trog.
  7721 | D:8      | Found an ornate altar of the Wu Jian Council.
  7834 | D:8      | Reached * piety under Vehumet
  7834 | D:8      | Offered knowledge of Shock by Vehumet.
  7837 | D:8      | Learned a level 1 spell: Shock
  8395 | D:9      | Reached skill level 1 in Maces & Flails
  8401 | D:9      | Found a sparkling altar of Nemelex Xobeh.
  8539 | D:9      | Found a shimmering blue altar of Sif Muna.
  8729 | D:9      | Found a staircase to the Orcish Mines.
  8938 | D:10     | Entered Level 10 of the Dungeon
  9114 | D:10     | Reached skill level 10 in Earth Magic
  9146 | D:10     | Offered knowledge of Searing Ray by Vehumet.
  9153 | D:10     | Reached ** piety under Vehumet
  9292 | D:10     | Found a staircase to the Lair.
  9341 | D:10     | Noticed a two-headed ogre
  9348 | D:10     | HP: 1/64 [two-headed ogre/+0 giant club (15)]
  9349 | D:10     | Killed a two-headed ogre
  9349 | D:10     | Reached XP level 11. HP: 1/68 MP: 10/23
  9793 | D:10     | Found Vumiemub's Armour Boutique.
 10112 | Lair:1   | Entered Level 1 of the Lair of Beasts
 10134 | D:10     | Reached skill level 11 in Earth Magic
 10284 | D:10     | Offered knowledge of Static Discharge by Vehumet.
 10463 | D:11     | Noticed a green ugly thing
 10476 | D:10     | Killed a green ugly thing
 10476 | D:10     | Reached skill level 5 in Maces & Flails
 10557 | D:11     | Noticed a seven-headed hydra
 10557 | D:11     | Noticed a two-headed ogre
 10557 | D:11     | Noticed a cyclops
 10602 | D:10     | Mangled by a seven-headed hydra

Levels and vault maps discovered:
D:1:      dpeg_arrival_refuge, layout_loops_ring
D:2:      layout_loops_ring, nicolae_qazlal_general_emergency,
          nicolae_dithmenos_through_a_glass_darkly, first_ration
D:3:      layout_basic, chequers_ecumenical_altar_grove, uniq_crazy_yiuf_cottage
D:4:      layout_gridville, gup_sewer_entry_bubbles,
          chequers_serial_rivers_large_b, uniq_grinder
D:5:      layout_basic, serial_shops, kennysheep_mini_moat, grunt_decor_cap,
          uniq_duvessa
D:6:      layout_rooms, gammafunk_ghost_cemetery, serial_shops,
          nicolae_shop_crystal, nicolae_shop_waterfront, nicolae_shop_crystal
D:7:      layout_cave_pods, minmay_temple_entry_drinking_statues
D:8:      layout_rooms, gammafunk_temple_overflow_elements,
          fedhas_bush_and_centaur_altar
D:9:      layout_long_grid, nemelex_xobeh_ov_fountains_minmay, david_orc_3,
          basic_altar
D:10:     layout_basic, erik_lair_orcish_takeover, serial_shops, shop
D:11:     minmay_curly_fans, layout_loops_cross, uniq_erolcha
Temple:   eino_temple_rhombus
Lair:1:   layout_cave_pods, disabler_island

Skill      XL: |  1  2  3  4  5  6  7  8  9 10 11 |
---------------+----------------------------------+-----
Fighting       | 1 2 3 4 5 7 8 |  8.1
Earth Magic    | 4 5 6 7 9 10 11 | 11.2
Dodging        | 2 3 4 5 6 |  6.0
Spellcasting   | 3 4 5 6 8 |  8.5
Armour         | 3 |  3.1
Maces & Flails | 4 5 |  5.1
Stealth        | |  2.1
Transmutations | |  0.7

Action                   |  1- 3 |  4- 6 |  7- 9 | 10-12 || total
-------------------------+-------+-------+-------+-------++-------
Melee: Dagger            |     9 |       |       |       ||     9
       Short sword       |    89 |   192 |   371 |   127 ||   779
       Unarmed           |     1 |       |       |       ||     1
       Bite              |       |       |     3 |    25 ||    28
       Morningstar       |       |       |       |   215 ||   215
 Cast: Sandblast         |    22 |    27 |    98 |     8 ||   155
       Stone Arrow       |       |       |    26 |    77 ||   103
       Lee's Rapid Decon |       |       |       |    11 ||    11
Evoke: Wand              |       |       |     6 |     3 ||     9
  Use: Scroll            |       |    10 |     7 |     2 ||    19
       Potion            |       |       |    15 |       ||    15
 Stab: Sleeping          |       |     5 |     1 |       ||     6
  Eat: Chunk             |       |     7 |     8 |     6 ||    21
       Ration            |       |       |     2 |     3 ||     5
Armor: Robe              |    63 |    72 |   221 |   234 ||   590
Dodge: Dodged            |    94 |   140 |   354 |   375 ||   963

Table legend:
 A = Non-vault XP
 B = Vault XP
 C = Vault XP percentage of total XP
 D = Non-vault monster count
 E = Vault monster count
 F = Vault count percentage of total count
                 A         B        C        D         E       F
            +---------+---------+-------+---------+---------+-------
      Total |    9973 |    2594 |  20.6 |     244 |      43 |  15.0
            +---------+---------+-------+---------+---------+-------
        D:1 |      74 |       0 |   0.0 |      32 |       0 |   0.0
        D:2 |      78 |       0 |   0.0 |      21 |       0 |   0.0
        D:3 |      41 |       0 |   0.0 |      13 |       0 |   0.0
        D:4 |     446 |     295 |  39.8 |      29 |       7 |  19.4
        D:5 |     769 |     209 |  21.4 |      24 |       2 |   7.7
        D:6 |    1599 |     622 |  28.0 |      31 |       1 |   3.1
        D:7 |     531 |       0 |   0.0 |      11 |       0 |   0.0
        D:8 |    1245 |     119 |   8.7 |      27 |       1 |   3.6
        D:9 |     775 |     268 |  25.7 |      15 |       7 |  31.8
       D:10 |    3999 |     971 |  19.5 |      34 |      11 |  24.4
       D:11 |     292 |       0 |   0.0 |       6 |       0 |   0.0
     Lair:1 |     124 |       0 |   0.0 |       1 |       0 |   0.0
      Sewer |       0 |     110 | 100.0 |       0 |      14 | 100.0
            +---------+---------+-------+---------+---------+-------
